 Dungeon Crawl Stone Soup version 0.30.1 (webtiles) character file.

Game seed: 11231763659186305362

81 Sanktem7 the Shield-Bearer (level 4, -7/40 HPs)
             Began as a Minotaur Fighter on July 12, 2023.
             Killed by divine providence
             ... invoked by an orc priest
              (11 damage)
             ... on level 3 of the Dungeon.
             The game lasted 00:03:01 (1442 turns).

Sanktem7 the Shield-Bearer (Minotaur Fighter)       Turns: 1442, Time: 00:03:01

Health: -7/40      AC:  7    Str: 22    XL:     4   Next: 20%
Magic:  3/3        EV:  9    Int:  5    God:
Gold:   117        SH:  4    Dex: 10    Spells: 3/3 levels left

rFire   . . .        a - +0 war axe {axe}
rCold   . . .        c - +0 buckler
rNeg    . . .        b - +0 scale mail
rPois   .            (helmet restricted)
rElec   .            (no cloak)
rCorr   .            (no gloves)
SInv    .            (no boots)
Will    .....        (no amulet) Stlth
                     e - ring of flight
HPRegen 0.26/turn    (no ring)
MPRegen 0.08/turn

%: no passive effects
@: flying
A: horns 2, retaliatory headbutt
a: no special abilities


You were on level 3 of the Dungeon.
You visited 1 branch of the dungeon, and saw 3 of its levels.

You collected 117 gold pieces.


Innate Abilities, Weirdness & Mutations

You have a pair of horns on your head.
You reflexively headbutt those who attack you in melee.


   Skills:
 + Level 4.2 Fighting
 * Level 3.9 Axes
 + Level 4.2 Armour
 + Level 4.2 Shields


You had 3 spell levels left.
You didn't know any spells.
Your spell library was empty.

Inventory:

Hand Weapons
 a - a +0 war axe (weapon) {axe}
Missiles
 h - 15 stones (quivered) {throwing}
 n - 2 poisoned darts {throwing}
Armour
 b - a +0 scale mail (worn)
 c - a +0 buckler (worn)
Jewellery
 e - a ring of flight (left hand)
   (You found it on level 1 of the Dungeon)
Scrolls
 f - 2 scrolls of immolation {unknown}
 k - 2 scrolls of identify {unknown}
 l - a scroll of teleportation {unknown}
 m - a scroll of fear {unknown}
Potions
 d - 2 potions of might
 g - a potion of attraction {unknown}
 i - 2 potions of heal wounds {unknown}
 j - a potion of flight {unknown}

Dungeon Overview and Level Annotations

Branches:
Dungeon (3/15) Zot: 16521

Altars:
Ashenzari
Cheibriados
Fedhas
Nemelex Xobeh
Sif Muna
Trog
Vehumet
The Shining One

Shops:
D:3

[ #.......#
#.......#
###.......#
.........#
#.....>.#
#..b....#
#..))...#
#..†@o..#
##.######
#.# ##<#
#######..#
##.......##
#..#######
#.##
######.#


You could see an orc priest and a bat.


Message History

You kill the giant cockroach!
No target in view!
No target in view!
No target in view!
No target in view!
h - 11 stones {throwing} (gained 4)
A kobold comes into view. It is wielding a +0 whip.
The kobold shouts!
A kobold is nearby!
You fly up into the air.
e - a ring of flight (left hand)
The kobold throws a stone.
The stone closely misses you.
A kobold is nearby!
Found a stone staircase leading up.
The kobold throws a stone.
The stone misses you.
The kobold throws a stone.
The stone closely misses you. The kobold hits you but does no damage.
You slash the kobold!
You kill the kobold!
No target in view!
No target in view!
No target in view!
No target in view!
h - 15 stones {throwing} (gained 4)
You see here a +0 whip {mace}.
k - 2 scrolls labelled VEGUSO KYUQ (gained 1)
Found a stone staircase leading up.
An endoplasm comes into view.
An endoplasm is nearby!
There is a stone staircase leading up here.
Found an escape hatch in the floor.
You block the endoplasm's attack.
You hit the endoplasm. Your headbutt misses the endoplasm.
You block the endoplasm's attack.
You hit the endoplasm. You block the endoplasm's attack.
The endoplasm barely misses you.
You slash the endoplasm!
You kill the endoplasm!
No target in view!
No target in view!
No target in view!
No target in view! 3 orcs, an orc priest and a bat come into view.
The orc shouts! x3
A frilled lizard comes into view.
There are monsters nearby!
The bat hits you but does no damage.
You hit the orc but do no damage. You headbutt the orc, but do no damage.
You barely miss the bat. The bat hits you but does no damage.
The orc barely misses you.
The orc priest mumbles some strange prayers to Beogh against you.
Beogh smites you! You block the bat's attack. 😮 HP[-14]
You take 14 damage, and now have 26/40 hp.
MASSIVE DAMAGE!! (PAUSE)
You barely miss the orc. You barely miss the bat. You hit the orc.
The bat hits you but does no damage. The orc hits you with a +0 war axe.
The frilled lizard hisses.
The orc hits you but does no damage. x2 😮 HP[-5]
You take 5 damage, and now have 21/40 hp.
You slash the orc!
You kill the orc!
You barely miss the orc. You miss the bat. You hit the orc.
The bat hits you but does no damage. x2; The orc hits you with a +0 war axe.
* * * LOW HITPOINT WARNING * * *
The orc priest looks braver for a moment. 😨 HP[-3]
You take 3 damage, and now have 18/40 hp.
The frilled lizard attacks as you move away!
The frilled lizard bites you but does no damage.
The orc priest hits you with a +0 club.
* * * LOW HITPOINT WARNING * * *
The orc hits you with a +0 hand axe.
* * * LOW HITPOINT WARNING * * *
The orc barely misses you.
Things that are here:
a +0 club {mace}; an orc corpse; 😨 HP[-6]
You take 6 damage, and now have 12/40 hp.
Okay, then.
You hit the orc priest. You hit the orc. You closely miss the frilled lizard.
You closely miss the orc. You barely miss the bat. The bat closely misses you.
The orc priest casts a cantrip, but nothing happens.
The orc hits you with a +0 hand axe.
* * * LOW HITPOINT WARNING * * *
The frilled lizard bites you.
* * * LOW HITPOINT WARNING * * *
The orc hits you with a +0 war axe.
* * * LOW HITPOINT WARNING * * *
😱 HP[-8]
You take 8 damage, and now have 4/40 hp.
You hit the orc priest. You slash the orc!
You kill the orc!
You hit the orc.
You kill the orc!
You hit the frilled lizard.
You kill the frilled lizard!
You block the bat's attack.
The orc priest calls down the wrath of Beogh upon you.
Beogh smites you!
You die...

Skill      XL: |  1  2  3 |
---------------+----------+-----
Axes           | 3 |  3.9
Shields        | 4 |  4.2
Armour         | 4 |  4.2
Fighting       | 4 |  4.2

Action                     |  1- 3 |  4- 6 || total
---------------------------+-------+-------++-------
  Melee: War axe           |    83 |    16 ||    99
         Headbutt          |     8 |     1 ||     9
 Armour: Scale mail        |    41 |    12 ||    53
  Dodge: Dodged            |    38 |     9 ||    47
  Block: Buckler           |    19 |     5 ||    24

Levels and vault maps discovered:
D:1:      psy_arrival_statuary, layout_basic
D:2:      layout_rooms, ebering_ecumenical_altar_sacrificial, feat_on_display
D:3:      layout_rooms, grunt_temple_overflow_open, serial_shops, shop

Notes
Turn   | Place    | Note
-------+----------+-------------------------------------------
     0 | D:1      | Sanktem7 the Minotaur Fighter began the quest for the Orb.
     0 | D:1      | Reached XP level 1. HP: 19/19 MP: 0/0
     0 | D:1      | magus.rc [v1.9.6]
   117 | D:1      | Reached XP level 2. HP: 25/27 MP: 1/1
   250 | D:1      | Reached skill level 3 in Axes
   735 | D:2      | Reached XP level 3. HP: 32/33 MP: 2/2
   739 | D:2      | Reached skill level 4 in Shields
   771 | D:2      | Found a faded altar of an unknown god.
   783 | D:2      | Reached skill level 4 in Armour
   838 | D:2      | Reached skill level 4 in Fighting
  1107 | D:2      | Reached XP level 4. HP: 40/40 MP: 3/3
  1212 | D:3      | Found a glowing golden altar of the Shining One.
  1212 | D:3      | Found a sparkling altar of Nemelex Xobeh.
  1212 | D:3      | Found a bloodstained altar of Trog.
  1212 | D:3      | Found a blossoming altar of Fedhas.
  1212 | D:3      | Found a broken altar of Ashenzari.
  1212 | D:3      | Found a shimmering blue altar of Sif Muna.
  1212 | D:3      | Found a snail-covered altar of Cheibriados.
  1213 | D:3      | Found a radiant altar of Vehumet.
  1230 | D:3      | Found Woutzuem's Antique Armour Boutique.
  1441 | D:3      | HP: 10/40 [frilled lizard (1)]
  1441 | D:3      | HP: 4/40 [orc/+0 war axe (6)]
  1442 | D:3      | Killed from afar by an orc priest

Vanquished Creatures
  3 adders (D:2)
  A worm (D:2)
  A dart slug (D:1)
  3 orcs (D:3)
  3 bats
  4 endoplasms
  4 giant cockroaches
  4 goblins
  3 hobgoblins
  3 jackals (D:1)
  2 quokkas (D:1)
  4 ball pythons
  7 frilled lizards
  6 kobolds
  3 rats
51 creatures vanquished.

Table legend:
 A = Non-vault XP
 B = Vault XP
 C = Vault XP percentage of total XP
 D = Non-vault monster count
 E = Vault monster count
 F = Vault count percentage of total count
                 A         B        C        D         E       F
            +---------+---------+-------+---------+---------+-------
      Total |     124 |       0 |   0.0 |      51 |       0 |   0.0
            +---------+---------+-------+---------+---------+-------
        D:1 |      38 |       0 |   0.0 |      22 |       0 |   0.0
        D:2 |      62 |       0 |   0.0 |      17 |       0 |   0.0
        D:3 |      24 |       0 |   0.0 |      12 |       0 |   0.0
            +---------+---------+-------+---------+---------+-------

Skill      XL: |  1  2  3 |
---------------+----------+-----
Axes           | 3 |  3.9
Shields        | 4 |  4.2
Armour         | 4 |  4.2
Fighting       | 4 |  4.2

Action                     |  1- 3 |  4- 6 || total
---------------------------+-------+-------++-------
  Melee: War axe           |    83 |    16 ||    99
         Headbutt          |     8 |     1 ||     9
 Armour: Scale mail        |    41 |    12 ||    53
  Dodge: Dodged            |    38 |     9 ||    47
  Block: Buckler           |    19 |     5 ||    24

Illustrated notes

Table legend:
 A = Kills in this place as a percentage of kills in the entire game.
 B = Kills by you in this place as a percentage of kills by you in the entire game.
 C = Kills by friends in this place as a percentage of kills by friends in the entire game.
 D = Other kills in this place as a percentage of other kills in the entire game.
 E = Experience gained in this place as a percentage of experience gained in the entire game.
 F = Experience gained in this place divided by the number of levels of this place that you have seen.
                   A       B       C       D       E      F
               +-------+-------+-------+-------+-------+----------------------
         Total | 100.0 | 100.0 |   N/A |   N/A | 100.0 |  41.3
       Dungeon | 100.0 | 100.0 |   N/A |   N/A | 100.0 |  41.3
               +-------+-------+-------+-------+-------+----------------------

Table legend: (Time is in decaauts)
 A = Elapsed time spent in this place.
 B = Non-inter-level travel time spent in this place.
 C = Inter-level travel time spent in this place.
 D = Time resting spent in this place.
 E = Time spent auto-exploring this place.
 F = Levels seen in this place.
 G = Mean time per level.
                   A        B        C        D        E       F      G
               +--------+--------+--------+--------+--------+-----+--------+
         Total |   1477 |   1439 |     38 |      0 |   1155 |   3 |  492.3 |
       Dungeon |   1477 |   1439 |     38 |      0 |   1155 |   3 |  492.3 |
               +--------+--------+--------+--------+--------+-----+--------+

Top non-repeatable levels by time:
     D:1: 743 daAuts
     D:2: 499 daAuts
     D:3: 234 daAuts
